Map: Ever Dream LE

Players

LiquidClem (Clem)

  • Race: Terran Terran
  • League: Bronze
  • Spawn Location: 7:00

cure - Winner!

  • Race: Terran Terran
  • Spawn Location: 1:00

Event: DreamHack SC2 Masters 2020 Summer Season Finals

VOD

Have the link to the VOD?

Description

Time

  • Played on: July 17, 2020, 10:51 a.m.
  • Length: 18:12

All games in this series

Show
View Real Time Build Order
Export as new Build Order

LiquidClem Terran 

Build Orders: Gas First Reaper Expand, Liberator Opening 

Get SALT Encoding   

  12  0:00  SCV  
  13  0:13  SCV  
  14  0:17  Supply Depot  
  14  0:25  SCV  
  15  0:29  Refinery  
  15  0:38  SCV  
  16  0:43  Barracks  
  16  0:50  SCV  
  17  1:02  SCV  
  18  1:14  SCV  
  19  1:30  Reaper, Orbital Command  
  20  1:42  Command Center  
  20  1:54  Factory  
  20  1:58  SCV  
  21  2:05  Supply Depot  
  21  2:07  Barracks Reactor  
  21  2:11  SCV  
  22  2:18  Refinery  
  22  2:23  SCV  
  23  2:35  SCV  
  24  2:43  Starport  
  24  2:47  SCV, Hellion x2  
  24  2:50  Barracks Tech Lab  
  29  2:56  Orbital Command  
  29  3:00  SCV  
  30  3:09  Hellion  
  30  3:11  Hellion  
  34  3:19  Liberator  
  37  3:20  SCV  
  37  3:23  SCV  
  39  3:28  Supply Depot  
  39  3:33  Hellion  
  41  3:36  Hellion  
  41  3:38  SCV  
  41  3:39  SCV  
  45  3:42  Refinery  
  45  3:50  SCV  
  45  3:51  SCV, Supply Depot  
  45  3:54  Hellion  
  49  3:58  Hellion  
  51  4:07  SCV x2  
  51  4:09  Supply Depot  
  53  4:12  Raven  
  55  4:22  Marine x2  
  55  4:24  SCV x2, Supply Depot  
  58  4:27  Factory Tech Lab  
  53  4:36  SCV x2  
  52  4:40  Marine x2  
  54  4:48  SCV  
  54  4:49  SCV, Cyclone  
  57  4:58  Marine x2  
  57  5:00  SCV  
  57  5:01  SCV  
  57  5:06  Raven  
  55  5:12  SCV  
  55  5:13  SCV  
  56  5:21  Marine  
  56  5:22  Marine, Siege Tank  
  56  5:24  SCV  
  56  5:25  SCV  
  56  5:28  Supply Depot  
  63  5:36  SCV  
  63  5:42  Command Center  
  64  5:45  SCV  
  64  5:48  SCV  
  67  5:55  Siege Tank  
  69  5:57  SCV  
  69  5:59  Supply Depot  
  69  6:01  Viking x2  
  69  6:02  SCV, Refinery  
  69  6:03  Marine  
  76  6:09  SCV  
  74  6:14  SCV  
  74  6:17  Stimpack  
  75  6:21  Marine  
  75  6:23  SCV  
  77  6:28  Siege Tank  
  77  6:30  Supply Depot  
  80  6:34  Viking x2  
  80  6:38  Supply Depot  
  80  6:39  Marine  
  86  6:45  Barracks  
  86  6:46  SCV, Barracks  
  86  6:48  SCV  
  85  6:57  Marine  
  85  6:58  SCV  
  85  7:00  Engineering Bay  
  85  7:01  Engineering Bay  
  87  7:02  Siege Tank  
  90  7:09  Viking x2  
  90  7:14  Orbital Command, Marine  
  95  7:16  SCV x2  
  97  7:25  Supply Depot  
  97  7:27  Terran Infantry Weapons Level 1, Terran Infantry Armor Level 1  
  97  7:28  SCV  
  98  7:32  Marine  
  98  7:35  SCV, Marine  
  86  7:45  Siege Tank  
  86  7:46  SCV  
  86  7:48  Viking  
  86  7:49  Viking  
  86  7:50  Marine  
  87  7:56  Barracks Reactor  
  87  7:57  Barracks  
  87  7:58  SCV, Barracks  
  87  8:03  SCV  
  89  8:06  Combat Shield  
  89  8:08  Marine  
  89  8:09  Barracks Reactor  
  89  8:10  SCV  
  89  8:11  SCV  
  91  8:18  Medivac  
  91  8:19  SCV, Medivac  
  94  8:22  SCV  
  94  8:26  Refinery x2, Marine  
  97  8:27  SCV, Sensor Tower  
  97  8:31  SCV  
  97  8:32  Marine x2  
  93  8:36  SCV  
  93  8:38  Siege Tank  
  93  8:39  SCV  
  98  8:43  SCV, Marine  
  98  8:45  Marine x2  
  98  8:46  Marine  
  98  8:47  Marine  
  104  8:49  Medivac  
  104  8:51  Supply Depot  
  104  8:53  SCV x2, Marine x2  
  104  8:55  SCV  
  109  9:00  Medivac  
  109  9:01  Marine  
  112  9:03  Marine x2  
  116  9:11  Marine x2  
  116  9:12  Barracks Reactor  
  116  9:13  Barracks Reactor  
  116  9:14  Barracks  
  116  9:16  Barracks  
  116  9:18  Armory  
  116  9:19  Marine  
  115  9:24  Siege Tank  
  115  9:26  Supply Depot  
  115  9:27  Missile Turret, Marine x2  
  120  9:34  Marine x2  
  122  9:39  Command Center  
  122  9:44  Marine  
  122  9:45  Supply Depot, Marine x2  
  124  9:48  Marine x2  
  124  9:50  Marine  
  124  9:52  Medivac, Marine x2  
  132  9:55  Medivac  
  132  9:56  Marine  
  133  10:01  Siege Tank  
  133  10:05  Barracks Reactor x2, Marine x2  
  133  10:06  Marine x2  
  140  10:10  Marine  
  141  10:14  Supply Depot  
  141  10:15  Terran Infantry Weapons Level 2  
  141  10:17  Terran Infantry Armor Level 2  
  141  10:18  Marine x2  
  141  10:20  Marine x2  
  145  10:23  Marine x2  
  145  10:24  Marine x2  
  145  10:27  Marine  
  149  10:34  Siege Tank  
  134  10:36  Marine x2  
  134  10:38  Marine x2  
  134  10:41  Marine x2  
  134  10:42  Marine x6  
  138  10:45  Marine  
  138  10:47  Liberator  
  144  10:50  Viking  
  144  10:53  Marine x2  
  144  10:56  Marine x2  
  150  10:59  Marine x2  
  150  11:06  Marine x2  
  150  11:11  Marine x2  
  149  11:12  Marine x2  
  149  11:14  Marine x5, Siege Tank  
  149  11:16  Marine  
  149  11:17  Marine  
  162  11:20  Planetary Fortress  
  162  11:21  SCV  
  162  11:24  SCV  
  164  11:26  Marine x2  
  164  11:30  Marine x2  
  156  11:34  Marine  
  157  11:41  Marine x2  
  157  11:42  Marine x2  
  157  11:46  Marine x2, Siege Tank  
  157  11:47  Marine, Sensor Tower  
  166  11:48  Terran Vehicle Weapons Level 1  
  166  11:50  Marine x2  
  166  11:51  Supply Depot  
  169  11:54  Marine  
  169  11:58  Marine x3  
  172  12:02  Marine  
  172  12:08  Marine  
  173  12:11  Marine  
  173  12:12  Marine x2  
  173  12:13  Marine x2  
  173  12:14  Medivac  
  176  12:16  Medivac  
  176  12:17  Marine  
  176  12:18  Siege Tank  
  176  12:20  Marine x4  
  185  12:25  Marine  
  185  12:29  Marine x2  
  188  12:33  Supply Depot  
  188  12:43  Command Center  
  188  12:47  Marine  
  188  12:52  SCV, Marine x2  
  188  12:54  Marine x5, Siege Tank  
  196  13:00  Terran Infantry Weapons Level 3  
  196  13:02  Factory  
  196  13:05  Marine  
  196  13:07  Terran Infantry Armor Level 3, Marine  
  196  13:14  Marine x2  
  196  13:15  Marine x3  
  196  13:16  Medivac, Marine  
  196  13:17  Marine  
  196  13:19  Marine x2  
  182  13:23  Viking  
  182  13:27  Siege Tank  
  173  13:28  Marine x2  
  173  13:29  Marine x2  
  173  13:32  Marine  
  175  13:39  Marine x2  
  175  13:41  Refinery, Marine x3  
  177  13:42  Marine x2  
  182  13:49  Marine  
  182  13:54  Marine  
  182  13:55  Marine x2  
  173  13:56  Medivac  
  173  13:58  Viking  
  173  13:59  Siege Tank  
  173  14:00  Marine x2  
  173  14:01  Marine  
  173  14:03  Marine  
  173  14:05  Marine x2  
  173  14:07  Marine  
  173  14:08  Factory Tech Lab  
  172  14:11  Marine x2  
  172  14:14  Command Center  
  172  14:17  Marine  
  172  14:20  Marine x3  
  172  14:22  Terran Vehicle Weapons Level 2  
  176  14:24  Marine  
  176  14:25  Marine  
  176  14:26  Viking  
  176  14:27  Marine  
  176  14:31  Siege Tank  
  184  14:39  Sensor Tower  
  184  14:40  Siege Tank  
  184  14:41  Marine  
  167  14:56  Viking x2, Marine x2  
  167  14:57  Marine x2  
  167  14:58  Marine  
  167  14:59  Marine x2  
  172  15:03  Siege Tank  
  172  15:04  Marine x2  
  172  15:05  Marine x3  
  172  15:06  Marine  
  183  15:12  Siege Tank  
  186  15:14  Marine x2  
  186  15:15  Marine x3  
  186  15:25  Marine x2  
  186  15:27  Marine  
  186  15:28  Marine  
  172  15:30  Planetary Fortress  
  172  15:32  Marine  
  172  15:34  Marine  
  172  15:35  Marine, Siege Tank  
  178  15:36  Orbital Command  
  178  15:38  Marine x2  
  180  15:44  Siege Tank  
  151  15:57  Marine  
  151  16:00  Marine x6  
  151  16:01  Marine  
  151  16:03  Marine  
  160  16:06  Marine x2  
  160  16:07  Siege Tank  
  155  16:11  Marine  
  155  16:12  Marine  
  155  16:16  Siege Tank  
  155  16:17  Medivac  
  162  16:18  Medivac  
  162  16:22  Marine x3  
  162  16:24  Marine x2  
  169  16:25  Marine  
  169  16:27  Marine  
  169  16:28  Marine  
  169  16:31  Marine  
  173  16:38  Marine  
  173  16:39  Marauder, Siege Tank  
  176  16:41  Marine  
  176  16:44  Marine  
  176  16:47  Medivac  
  176  16:48  Medivac, Siege Tank  
  176  16:53  Marine  
  172  16:56  Marine x2  
  172  16:58  Marine x2  
  161  17:04  Marine  
  161  17:07  Marine x2  
  161  17:08  Marine  
  163  17:11  Siege Tank  
  163  17:15  Marine x3  
  170  17:17  Medivac  
  170  17:20  Marine x2, Siege Tank  
  170  17:22  Marine  
  137  17:37  Marine  
  137  17:39  Marine  
  109  17:44  Marine  
  109  17:46  Marine  
  109  17:50  Marine  
Show
View Real Time Build Order
Export as new Build Order

cure Terran - Winner!

Build Orders: Liberator Opening, Reaper Expand 

Get SALT Encoding   

  12  0:00  SCV  
  13  0:12  SCV  
  14  0:17  Supply Depot  
  14  0:25  SCV  
  15  0:38  SCV  
  15  0:39  Barracks  
  16  0:42  Refinery  
  16  0:50  SCV  
  17  1:02  SCV  
  18  1:15  SCV  
  19  1:26  Reaper  
  19  1:27  Orbital Command  
  20  1:37  Command Center  
  20  1:45  Supply Depot  
  20  1:53  SCV  
  21  1:58  Marine  
  22  2:05  SCV  
  22  2:07  Factory  
  23  2:13  Refinery  
  23  2:17  SCV  
  23  2:20  Barracks Reactor  
  24  2:29  SCV  
  25  2:41  SCV  
  26  2:50  Orbital Command  
  26  2:51  Starport  
  26  2:53  SCV  
  27  3:00  Hellion x2  
  27  3:02  Barracks Tech Lab  
  27  3:05  SCV  
  32  3:17  SCV x2  
  34  3:22  Hellion x2, Supply Depot  
  38  3:27  Liberator  
  38  3:29  SCV x2, Barracks Tech Lab  
  43  3:35  Refinery  
  43  3:41  SCV x2  
  43  3:42  Supply Depot  
  43  3:48  Hellion x2  
  49  3:51  Supply Depot  
  49  3:54  SCV  
  50  3:57  SCV  
  50  4:00  Supply Depot  
  51  4:07  SCV  
  51  4:09  SCV  
  53  4:16  Cyclone, Marine x2  
  58  4:18  Raven  
  58  4:19  SCV  
  58  4:21  SCV  
  62  4:25  Supply Depot  
  62  4:31  SCV  
  57  4:33  SCV  
  57  4:34  Marine x2  
  52  4:43  SCV  
  49  4:48  Cyclone  
  49  4:52  Marine x2  
  53  4:54  SCV  
  53  4:55  SCV  
  52  5:09  SCV x2  
  52  5:10  Marine x2  
  52  5:12  Raven  
  58  5:17  Command Center  
  55  5:21  SCV x2  
  57  5:29  Siege Tank  
  57  5:30  Marine  
  57  5:31  Refinery, Marine  
  57  5:33  SCV  
  63  5:40  SCV  
  64  5:46  SCV  
  64  5:47  Barracks  
  64  5:48  Barracks  
  64  5:49  Marine x2  
  67  5:52  SCV  
  68  5:59  SCV  
  69  6:04  SCV  
  70  6:12  SCV  
  70  6:16  SCV  
  70  6:17  Viking x2  
  76  6:20  Engineering Bay x2, Stimpack, Marine  
  76  6:21  Siege Tank  
  76  6:24  SCV  
  81  6:28  SCV  
  81  6:29  Orbital Command  
  82  6:36  SCV  
  82  6:37  Barracks Reactor  
  82  6:38  Barracks Reactor, Marine  
  84  6:40  SCV  
  84  6:46  Barracks Reactor  
  85  6:47  Viking x2  
  85  6:48  SCV  
  85  6:52  SCV  
  89  6:55  Siege Tank  
  89  6:56  Marine  
  89  6:57  SCV  
  89  7:00  SCV, Supply Depot, Refinery  
  95  7:01  Supply Depot  
  95  7:04  Terran Infantry Weapons Level 1  
  95  7:05  SCV  
  96  7:09  SCV  
  96  7:13  Marine  
  96  7:14  Barracks  
  96  7:15  Supply Depot, Barracks  
  98  7:16  Supply Depot  
  98  7:17  Marine x2  
  98  7:21  SCV, Terran Infantry Armor Level 1  
  98  7:22  SCV  
  102  7:25  SCV  
  102  7:31  Marine  
  102  7:35  Viking x2  
  102  7:40  Marine x4  
  102  7:43  SCV x3  
  96  7:44  Siege Tank  
  96  7:49  Marine  
  88  7:58  Marine x4  
  88  8:00  SCV  
  88  8:01  SCV x2, Barracks Reactor  
  88  8:02  Barracks Reactor  
  88  8:04  Combat Shield, Medivac  
  88  8:05  Medivac, Supply Depot  
  99  8:07  Marine  
  100  8:16  Marine x4  
  104  8:22  Siege Tank  
  104  8:25  SCV, Marine  
  104  8:26  SCV x2  
  107  8:36  Marine x4  
  107  8:38  SCV x3  
  107  8:39  Marine x4  
  118  8:43  Marine  
  117  8:53  Marine x2  
  117  8:54  Marine x2  
  119  8:57  Marine x2  
  119  8:59  Siege Tank  
  124  9:03  Medivac x2  
  124  9:05  Orbital Command  
  124  9:06  SCV x2  
  130  9:12  Armory  
  130  9:14  Supply Depot  
  130  9:15  Marine x4  
  134  9:20  SCV x2  
  136  9:27  Refinery  
  136  9:29  Refinery  
  137  9:33  Sensor Tower  
  137  9:36  Marine x4  
  137  9:37  Siege Tank  
  145  9:43  Marine x4  
  147  9:46  Medivac  
  147  9:50  Supply Depot  
  147  9:52  Barracks Reactor, Medivac  
  151  9:54  Marine  
  151  9:55  Factory  
  151  9:57  Marine x3  
  155  10:01  Marine  
  155  10:03  Supply Depot x2  
  156  10:11  Marine x3  
  156  10:12  Marine  
  160  10:14  Siege Tank  
  160  10:15  Marine  
  160  10:19  Command Center  
  160  10:20  Supply Depot, Terran Infantry Weapons Level 2  
  164  10:23  Terran Infantry Armor Level 2  
  164  10:33  Marine x6  
  139  10:40  Marine x2  
  139  10:41  Marine x2  
  139  10:44  Siege Tank  
  139  10:45  Terran Vehicle Weapons Level 1  
  139  10:46  Medivac, Siege Tank  
  145  10:51  Marine x2  
  145  10:54  Marine x4  
  151  10:58  Marine x4  
  154  11:09  Marine x2  
  150  11:12  Marine x4  
  150  11:16  Marine x4, Siege Tank  
  158  11:19  Siege Tank  
  158  11:20  Medivac x2  
  158  11:23  SCV x2  
  158  11:24  SCV  
  168  11:27  Marine  
  162  11:35  Marine x4  
  157  11:47  Marine x2  
  157  11:48  Siege Tank  
  157  11:51  Siege Tank  
  163  11:56  Command Center  
  163  12:06  Marine  
  163  12:08  Marine x6  
  170  12:15  Medivac x2  
  166  12:17  Missile Turret  
  166  12:19  Marine x3  
  166  12:20  Siege Tank  
  165  12:23  Marine, Siege Tank  
  165  12:26  Marine x4  
  173  12:32  Supply Depot  
  173  12:36  Barracks x2  
  173  12:40  Terran Infantry Weapons Level 3  
  173  12:48  Terran Infantry Armor Level 3, Marine x4  
  177  12:53  Siege Tank  
  177  12:55  Marine x2  
  178  13:07  Marine x4  
  181  13:13  Barracks  
  181  13:16  Marine x4  
  163  13:22  Marine x3  
  163  13:24  Marine x2  
  163  13:25  Marine  
  159  13:28  Planetary Fortress  
  159  13:30  Marine x2  
  159  13:33  Marine  
  159  13:38  Marine x3  
  159  13:40  Marine  
  163  13:46  Barracks Reactor  
  162  13:50  Barracks Reactor  
  155  14:05  Marine x2  
  155  14:06  Marine x8  
  155  14:07  Siege Tank x2  
  155  14:09  Barracks Reactor  
  170  14:23  Marine x4  
  170  14:24  Marine x3  
  177  14:37  Marine x2  
  177  14:38  Marine  
  180  14:39  Siege Tank x2  
  180  14:42  Marine x3  
  189  14:49  Marine x5  
  178  14:56  Marine x4  
  181  15:00  Marine x4  
  181  15:05  Marine x2  
  181  15:06  Marine x2  
  188  15:11  Marine x3, Siege Tank  
  195  15:16  Marine x3  
  188  15:29  Marine x4  
  188  15:34  Marine x3  
  189  15:55  Orbital Command  
  186  15:58  Marine x3  
  189  16:06  Marine x3  
  189  16:07  Marine  
  189  16:09  Siege Tank  
  196  16:15  Marine x4  
  200  16:36  Sensor Tower  
  188  16:42  Marine x5  
  188  16:43  Marine x7  
  198  16:52  Medivac, Siege Tank x2  
  198  16:53  Marine  
  197  17:26  Siege Tank  
  197  17:27  Marine x2  
  197  17:33  Marine x4  
  197  17:35  Marine x4  
  190  17:40  Marine x6  
  152  17:47  Marine x2  
  152  17:51  Marine x4  
  122  17:53  Marine x4  
Tags
 
Add a new tag
Caveats
  • Supply blocks, unpowered buildings, or Contaminate may cause inaccurate times.
  • Supply counts are checked every 10 seconds.